PIO (24 & UNDER)
SALEM SLEDGEHAMMERS @ EAU CLAIRE ESQUIRES
05/03/2023
 
TOP OF THE 1ST
Salem Sledgehammers batting - Pitching for Eau Claire Esquires : LHP Kevin Andrews
Pitching: LHP Kevin Andrews
Batting: RHB William Richardson 0-0: Swinging Strike
0-1: Swinging Strike
0-2: Ball
1-2: Ball
2-2: SINGLE (Groundball, 56D)
Batting: SHB Júlio Salazar 0-0: Called Strike
0-1: Called Strike
0-2: Ball
1-2: Foul Ball, location: 2F
1-2: Strikes out looking
Batting: RHB Earnest Finnegan 0-0: Ball
1-0: Called Strike
1-1: Foul Ball, location: 2F
1-2: Foul Ball, location: 2F
1-2: Strikes out looking
Batting: RHB Brandon Pope 0-0: Ball
1-0: Called Strike
1-1: Ball
2-1: Called Strike
2-2: Foul Ball, location: 2F
2-2: 2-RUN HOME RUN (Flyball, 78XD), Distance : 369 ft
Batting: SHB Pepe Pińa 0-0: Called Strike
0-1: Ball
1-1: Ball
2-1: Ball
3-1: Base on Balls
Batting: RHB Norm Francis 0-0: Swinging Strike
0-1: Ball
1-1: Swinging Strike
1-2: Ball
2-2: Ball
Pickoff Throw to First - Out!
Top of the 1st over - 2 run(s), 2 hit(s), 0 error(s), 0 left on base; Salem 2 - Eau Claire 0
BOTTOM OF THE 1ST
Eau Claire Esquires batting - Pitching for Salem Sledgehammers : RHP Emery Graham
Pitching: RHP Emery Graham
Batting: RHB Tony Quinn 0-0: SINGLE (Line Drive, 7LS)
Batting: RHB Carlos Rea 0-0: Called Strike
Tony Quinn steals 2nd base
0-1: Swinging Strike
0-2: Foul Ball, location: 2F
0-2: Strikes out swinging
Batting: LHB Dave Gray 0-0: Ball
Tony Quinn steals 3rd base
1-0: Ball
2-0: Swinging Strike
2-1: Fly out, F5 (Popup, 5DF)
Batting: LHB Eric Peterson 0-0: Ball
1-0: Swinging Strike
1-1: Called Strike
1-2: Ball
2-2: Foul Ball, location: 2F
2-2: Ball
3-2: Strikes out swinging
Bottom of the 1st over - 0 run(s), 1 hit(s), 0 error(s), 1 left on base; Salem 2 - Eau Claire 0
TOP OF THE 2ND
Salem Sledgehammers batting - Pitching for Eau Claire Esquires : LHP Kevin Andrews
Batting: RHB Norm Francis 0-0: Fly out, F6 (Line Drive, 6M)
Batting: RHB Dale Reeves 0-0: Ball
1-0: Fly out, F9 (Flyball, 9M)
Batting: RHB Fernando Pérez 0-0: Ball
1-0: Ball
2-0: Called Strike
2-1: Foul Ball, location: 2F
2-2: Ball
3-2: Base on Balls
Batting: RHB Ryan Cates 0-0: Ball
1-0: Foul Ball, location: 2F
1-1: Foul Ball, location: 2F
1-2: Ball
2-2: Strikes out swinging
Top of the 2nd over - 0 run(s), 0 hit(s), 0 error(s), 1 left on base; Salem 2 - Eau Claire 0
BOTTOM OF THE 2ND
Eau Claire Esquires batting - Pitching for Salem Sledgehammers : RHP Emery Graham
Batting: RHB Miguel Hernández 0-0: Ball
1-0: Ball
2-0: Called Strike
2-1: Swinging Strike
2-2: Foul Ball, location: 2F
2-2: Ball
3-2: Base on Balls
Batting: LHB Edwin Ryan 0-0: Called Strike
0-1: Foul Ball, location: 2F
0-2: Ball
1-2: Foul Ball, location: 2F
1-2: SINGLE (Groundball, 56D)
Miguel Hernández to second
Batting: RHB Nobuharu Hoshino 0-0: Foul Ball, location: 2F
0-1: Ball
1-1: Ball
2-1: Called Strike
2-2: Ground out 3-1 (Groundball, 34)
Miguel Hernández to third
Edwin Ryan to second
Batting: LHB Jorge Fernández 0-0: Ball
1-0: Called Strike
1-1: Called Strike
1-2: Ball
2-2: Strikes out swinging
Batting: RHB Seiji Kouno 0-0: Ball
1-0: Foul Ball, location: 2F
1-1: DOUBLE (Line Drive, 89M)
Miguel Hernández scores
Edwin Ryan scores
Batting: RHB Tony Quinn 0-0: Ball
1-0: SINGLE (Line Drive, 7LS)
Seiji Kouno to third
Runner from 3rd tries for Home, SAFE, throw made home
Tony Quinn to second
Batting: RHB Carlos Rea 0-0: Ball
1-0: Ball
2-0: Ball
3-0: Base on Balls
Batting: LHB Dave Gray 0-0: Fielders Choice at 2nd, U4 (Groundball, 4M)
Bottom of the 2nd over - 3 run(s), 3 hit(s), 0 error(s), 2 left on base; Salem 2 - Eau Claire 3
TOP OF THE 3RD
Salem Sledgehammers batting - Pitching for Eau Claire Esquires : LHP Kevin Andrews
Batting: RHB William Richardson 0-0: Ball
1-0: Ball
2-0: Swinging Strike
2-1: Ball
3-1: Base on Balls
Batting: SHB Júlio Salazar 0-0: Ball
1-0: Foul Ball, location: 2F
1-1: Foul Ball, location: 2F
1-2: SINGLE (Groundball, 56D)
William Richardson to second
Batting: RHB Earnest Finnegan 0-0: Ball
1-0: Swinging Strike
1-1: Ball
2-1: Ball
3-1: Foul Ball, location: 2F
3-2: Base on Balls
William Richardson to third
Júlio Salazar to second
Batting: RHB Brandon Pope 0-0: Called Strike
0-1: Ball
1-1: Foul Ball, location: 2F
1-2: Strikes out looking
Batting: SHB Pepe Pińa 0-0: Called Strike
0-1: Swinging Strike
0-2: Strikes out swinging
Batting: RHB Norm Francis 0-0: Called Strike
0-1: Ball
1-1: Swinging Strike
1-2: Ball
2-2: Foul Ball, location: 2F
2-2: Ball
3-2: Strikes out looking
Top of the 3rd over - 0 run(s), 1 hit(s), 0 error(s), 3 left on base; Salem 2 - Eau Claire 3
BOTTOM OF THE 3RD
Eau Claire Esquires batting - Pitching for Salem Sledgehammers : RHP Emery Graham
Batting: LHB Eric Peterson 0-0: Ball
1-0: Swinging Strike
1-1: Foul Ball, location: 2F
1-2: Fly out, F5 (Popup, 5)
Batting: RHB Miguel Hernández 0-0: Ball
1-0: SOLO HOME RUN (Flyball, 7D), Distance : 337 ft
Batting: LHB Edwin Ryan 0-0: Called Strike
0-1: Foul Ball, location: 2F
0-2: Foul Ball, location: 2F
0-2: Strikes out swinging
Batting: RHB Nobuharu Hoshino 0-0: Ball
1-0: Called Strike
1-1: Ball
2-1: Foul Ball, location: 2F
2-2: Ball
3-2: Fly out, F4 (Popup, 4MS)
Bottom of the 3rd over - 1 run(s), 1 hit(s), 0 error(s), 0 left on base; Salem 2 - Eau Claire 4
TOP OF THE 4TH
Salem Sledgehammers batting - Pitching for Eau Claire Esquires : LHP Kevin Andrews
Batting: RHB Dale Reeves 0-0: Ball
1-0: Ball
2-0: Ball
3-0: Base on Balls
Pitching: RHP Ignacio Torres
Batting: RHB Fernando Pérez 0-0: Ball
1-0: Fly out, F9 (Line Drive, 89S)
Batting: RHB Ryan Cates 0-0: Called Strike
Dale Reeves steals 2nd base
0-1: SINGLE (Line Drive, 6M)
Dale Reeves to third
Runner from 3rd tries for Home, SAFE, no throw or cutoff
Batting: RHB William Richardson 0-0: Ball
Ryan Cates is caught stealing 2nd base
1-0: Ball
2-0: Foul Ball, location: 2F
2-1: Foul Ball, location: 2F
2-2: Strikes out looking
Top of the 4th over - 1 run(s), 1 hit(s), 0 error(s), 0 left on base; Salem 3 - Eau Claire 4
BOTTOM OF THE 4TH
Eau Claire Esquires batting - Pitching for Salem Sledgehammers : RHP Emery Graham
Batting: LHB Jorge Fernández 0-0: Ball
1-0: Ball
2-0: Ball
3-0: Base on Balls
Batting: RHB Seiji Kouno 0-0: Called Strike
0-1: SINGLE (Groundball, 6MD)
Jorge Fernández to second
Batting: RHB Tony Quinn 0-0: Foul Ball, location: 2F
0-1: Foul Ball, location: 2F
0-2: Ball
1-2: Ball
2-2: Strikes out swinging
Batting: RHB Carlos Rea 0-0: Swinging Strike
0-1: Called Strike
0-2: Foul Ball, location: 2F
0-2: Ball
1-2: Ball
2-2: Strikes out swinging
Batting: LHB Dave Gray 0-0: DOUBLE (Line Drive, 7LM)
Jorge Fernández scores
Seiji Kouno to third
Runner from 3rd tries for Home, throw and OUT!
Bottom of the 4th over - 1 run(s), 2 hit(s), 0 error(s), 1 left on base; Salem 3 - Eau Claire 5
TOP OF THE 5TH
Salem Sledgehammers batting - Pitching for Eau Claire Esquires : RHP Ignacio Torres
Batting: SHB Júlio Salazar 0-0: Ball
1-0: Ball
2-0: Called Strike
2-1: Foul Ball, location: 2F
2-2: Foul Ball, location: 2F
2-2: Ball
3-2: SINGLE (Flyball, 7LS)
Batting: RHB Earnest Finnegan 0-0: Called Strike
Júlio Salazar steals 2nd base
0-1: Called Strike
0-2: Strikes out swinging
Batting: RHB Brandon Pope 0-0: Ground out 3-1 (Groundball, 34)
Júlio Salazar to third
Batting: SHB Pepe Pińa 0-0: Swinging Strike
0-1: Ball
1-1: Foul Ball, location: 2F
1-2: Strikes out looking
Top of the 5th over - 0 run(s), 1 hit(s), 0 error(s), 1 left on base; Salem 3 - Eau Claire 5
BOTTOM OF THE 5TH
Eau Claire Esquires batting - Pitching for Salem Sledgehammers : RHP Emery Graham
Pitching: RHP Guillermo Martínez
Batting: LHB Eric Peterson 0-0: Foul Ball, location: 2F
0-1: Ball
1-1: Ball
2-1: Ground out 5-3 (Groundball, 56)
Batting: RHB Miguel Hernández 0-0: SINGLE (Groundball, 4MD)
Batting: LHB Edwin Ryan 0-0: Ball
1-0: Fly out, F9 (Flyball, 9M)
Batting: RHB Nobuharu Hoshino 0-0: Called Strike
0-1: Ball
1-1: Foul Ball, location: 2F
1-2: Strikes out swinging
Bottom of the 5th over - 0 run(s), 1 hit(s), 0 error(s), 1 left on base; Salem 3 - Eau Claire 5
TOP OF THE 6TH
Salem Sledgehammers batting - Pitching for Eau Claire Esquires : RHP Ignacio Torres
Batting: RHB Norm Francis 0-0: Ball
1-0: Foul Ball, location: 2F
1-1: Ball
2-1: Foul Ball, location: 2F
2-2: Foul Ball, location: 2F
2-2: Ball
3-2: Strikes out swinging
Batting: RHB Dale Reeves 0-0: Called Strike
0-1: Called Strike
0-2: Strikes out swinging
Batting: RHB Fernando Pérez 0-0: Called Strike
0-1: Ball
1-1: Ball
2-1: Ball
3-1: Called Strike
3-2: Fly out, F7 (Flyball, 78S)
Top of the 6th over - 0 run(s), 0 hit(s), 0 error(s), 0 left on base; Salem 3 - Eau Claire 5
BOTTOM OF THE 6TH
Eau Claire Esquires batting - Pitching for Salem Sledgehammers : RHP Guillermo Martínez
Batting: LHB Jorge Fernández 0-0: Ball
1-0: Swinging Strike
1-1: Foul Ball, location: 2F
1-2: Ball
2-2: Ball
3-2: Foul Ball, location: 2F
3-2: Base on Balls
Batting: RHB Seiji Kouno 0-0: Ball
1-0: Called Strike
1-1: Called Strike
1-2: Strikes out looking
Batting: RHB Tony Quinn 0-0: Ball
Throwing error on steal attempt, E2
Jorge Fernández to third
1-0: Intentional Walk
Batting: RHB Carlos Rea 0-0: Ball
Throwing error on steal attempt, E2
Jorge Fernández scores
Tony Quinn to third
1-0: SINGLE (Line Drive, 7S)
Tony Quinn scores
Batting: LHB Dave Gray 0-0: Ball
1-0: Foul Ball, location: 2F
1-1: Ball
2-1: Ball
3-1: Foul Ball, location: 2F
3-2: Strikes out looking
Batting: LHB Eric Peterson 0-0: Fly out, F5 (Popup, 15)
Bottom of the 6th over - 2 run(s), 1 hit(s), 2 error(s), 1 left on base; Salem 3 - Eau Claire 7
TOP OF THE 7TH
Salem Sledgehammers batting - Pitching for Eau Claire Esquires : RHP Ignacio Torres
Pitching: RHP Mike Frank
Batting: RHB Ryan Cates 0-0: Called Strike
0-1: Swinging Strike
0-2: Strikes out swinging
Batting: RHB William Richardson 0-0: Ball
1-0: Foul Ball, location: 2F
1-1: Called Strike
1-2: Foul Ball, location: 2F
1-2: Foul Ball, location: 2F
1-2: Strikes out swinging
Batting: SHB Júlio Salazar 0-0: Ball
1-0: Swinging Strike
1-1: Ball
2-1: Foul Ball, location: 2F
2-2: Strikes out swinging
Top of the 7th over - 0 run(s), 0 hit(s), 0 error(s), 0 left on base; Salem 3 - Eau Claire 7
BOTTOM OF THE 7TH
Eau Claire Esquires batting - Pitching for Salem Sledgehammers : RHP Guillermo Martínez
Pitching: RHP Jeff Hansen
Batting: RHB Miguel Hernández 0-0: Called Strike
0-1: Ball
1-1: Ball
2-1: Ball
3-1: Base on Balls
Batting: LHB Edwin Ryan 0-0: Ball
1-0: Called Strike
Miguel Hernández steals 2nd base
1-1: Intentional Walk
Batting: RHB Nobuharu Hoshino 0-0: Sac Bunt - play at first, batter OUT! 3-4
Miguel Hernández to third
Edwin Ryan to second
Batting: LHB Jorge Fernández 0-0: Ball
1-0: Called Strike
1-1: Foul Ball, location: 2F
1-2: Ball
2-2: Ball
3-2: Strikes out looking
Batting: RHB Seiji Kouno 0-0: Swinging Strike
0-1: Ball
1-1: Swinging Strike
1-2: Foul Ball, location: 2F
1-2: SINGLE (Line Drive, 34D)
Miguel Hernández scores
Edwin Ryan to third
Runner from 3rd tries for Home, SAFE, no throw or cutoff
Batting: RHB Tony Quinn 0-0: Swinging Strike
0-1: Fielders Choice at 2nd, 5-4 (Groundball, 56)
Bottom of the 7th over - 2 run(s), 1 hit(s), 0 error(s), 0 left on base; Salem 3 - Eau Claire 9
TOP OF THE 8TH
Salem Sledgehammers batting - Pitching for Eau Claire Esquires : RHP Mike Frank
Batting: RHB Earnest Finnegan 0-0: Called Strike
0-1: Ball
1-1: Ball
2-1: Ball
3-1: Base on Balls
Batting: RHB Brandon Pope 0-0: Called Strike
0-1: Fly out, F9 (Flyball, 89S)
Batting: SHB Pepe Pińa 0-0: Ball
1-0: Ball
2-0: Ball
3-0: Called Strike
3-1: Called Strike
3-2: Base on Balls
Earnest Finnegan to second
Batting: RHB Norm Francis 0-0: Ball
1-0: Ball
2-0: Foul Ball, location: 2F
2-1: Ball
3-1: Foul Ball, location: 2F
3-2: Strikes out swinging
Batting: RHB Dale Reeves 0-0: Foul Ball, location: 2F
0-1: Foul Ball, location: 2F
0-2: Ball
Wild Pitch!
Earnest Finnegan to third
Pepe Pińa to second
1-2: Ball
2-2: Ball
3-2: Strikes out looking
Top of the 8th over - 0 run(s), 0 hit(s), 0 error(s), 2 left on base; Salem 3 - Eau Claire 9
BOTTOM OF THE 8TH
Eau Claire Esquires batting - Pitching for Salem Sledgehammers : RHP Jeff Hansen
Batting: RHB Carlos Rea 0-0: Called Strike
0-1: Ground out 6-3 (Groundball, 4M)
Batting: LHB Dave Gray 0-0: Ball
1-0: SINGLE (Line Drive, 89S)
Batting: LHB Eric Peterson 0-0: Ball
1-0: SINGLE (Groundball, 56)
Dave Gray to second
Batting: RHB Miguel Hernández 0-0: Ball
1-0: Ball
2-0: Foul Ball, location: 2F
2-1: Ball
3-1: Foul Ball, location: 2F
3-2: Strikes out looking
Batting: LHB Edwin Ryan 0-0: Called Strike
0-1: Ball
1-1: Ball
2-1: Fly out, F8 (Flyball, 8LXD)
Bottom of the 8th over - 0 run(s), 2 hit(s), 0 error(s), 2 left on base; Salem 3 - Eau Claire 9
TOP OF THE 9TH
Salem Sledgehammers batting - Pitching for Eau Claire Esquires : RHP Mike Frank
Pitching: LHP Rob Lucas
Batting: RHB Fernando Pérez 0-0: Swinging Strike
0-1: Called Strike
0-2: Foul Ball, location: 2F
0-2: Ball
1-2: Ball
2-2: Strikes out swinging
Batting: RHB Ryan Cates 0-0: Ground out 6-3 (Groundball, 6M)
Batting: RHB William Richardson 0-0: Ball
1-0: Ball
2-0: Ball
3-0: Called Strike
3-1: Foul Ball, location: 2F
3-2: Base on Balls
Batting: SHB Júlio Salazar 0-0: Swinging Strike
0-1: Ball
1-1: Foul Ball, location: 2F
1-2: Strikes out looking
Top of the 9th over - 0 run(s), 0 hit(s), 0 error(s), 1 left on base; Salem 3 - Eau Claire 9
This league is powered by Out of the Park Baseball, the baseball management simulation game for PC, Mac and Linux
Wednesday, December 2nd, 2015 - OOTP Baseball 16.8 Build 38